 Dungeon Crawl Stone Soup version 0.25.1-1-g288607f5aa (webtiles) character file.

Game seed: 6438926194547289757

2312 protoss039 the Shield-Bearer (level 9, -7/74 HPs)
             Began as a Gnoll Fighter on July 24, 2020.
             Was an Initiate of Ashenzari.
             Mangled by a hornet (8 damage)
             ... while paralysed by a hornet
             ... on level 7 of the Dungeon.
             The game lasted 00:15:53 (5218 turns).

protoss039 the Shield-Bearer (Gnoll Fighter)        Turns: 5218, Time: 00:15:53

Health: -7/74      AC: 16    Str: 20    XL:     9   Next: 41%
Magic:  15/15      EV:  2    Int: 13    God:    Ashenzari [......]
Gold:   203        SH:  0    Dex: 14    Spells: 16/16 levels left

rFire    . . .     SeeInvis +   a - +0 war axe
rCold    . . .     Gourm    .   c - +0 kite shield
rNeg     . . .     Faith    .   q - +0 plate armour
rPois    .         Spirit   .   x - +2 helmet {SInv}
rElec    .         Reflect  .   (no cloak)
rCorr    .         Harm     .   (no gloves)
MR       .....                  (no boots)
Stlth    ..........             i - amulet of regeneration
HPRegen  0.62/turn              (no ring)
MPRegen  0.14/turn              (no ring)

@: paralysed, mighty, lethally poisoned (-7 -> -11)
A: distributed training, fangs 1, strong nose
a: Curse Item, Renounce Religion


You were on level 7 of the Dungeon.
You worshipped Ashenzari.
Ashenzari was noncommittal.
You were not hungry.

You visited 2 branches of the dungeon, and saw 8 of its levels.
You also visited: Sewer.

You collected 330 gold pieces.
You spent 127 gold pieces at shops.

Inventory:

Hand Weapons
 a - a +0 war axe (weapon)
Armour
 c - a +0 kite shield (worn)
 q - a +0 plate armour (worn)
 t - a +3 leather armour of fire resistance
 x - a +2 helmet of see invisible (worn)
Jewellery
 i - an amulet of regeneration (around neck)
 o - an uncursed amulet of magic regeneration
 C - an uncursed ring of poison resistance
Wands
 n - a wand of polymorph (8)
 s - a wand of flame (14)
 B - a wand of digging (4)
Scrolls
 b - 2 scrolls of fear
 e - a scroll of identify
 j - a scroll of fog
 l - a scroll of remove curse
 m - 3 scrolls of teleportation
 p - 3 scrolls of magic mapping
 r - 2 scrolls of blinking
 y - a scroll of enchant armour {unknown}
Potions
 g - a potion of stabbing
 h - a potion of brilliance
 k - 2 potions of mutation
 u - 2 potions of curing
 v - a potion of heal wounds
 w - 3 potions of flight
 A - a potion of berserk rage {unknown}
Comestibles
 f - 13 rations
 z - 2 chunks of flesh


   Skills:
 + Level 7.8 Fighting
 + Level 4.1 Short Blades
 + Level 4.1 Long Blades
 + Level 6.2 Axes
 + Level 4.1 Maces & Flails
 + Level 4.1 Polearms
 + Level 4.1 Staves
 + Level 4.1 Slings
 + Level 4.1 Bows
 + Level 4.1 Crossbows
 + Level 4.1 Throwing
 + Level 7.8 Armour
 + Level 4.1 Dodging
 + Level 4.1 Stealth
 + Level 7.8 Shields
 + Level 4.1 Unarmed Combat
 + Level 4.1 Spellcasting
 + Level 3.4 Conjurations
 + Level 3.4 Hexes
 + Level 3.4 Charms
 + Level 3.4 Summonings
 + Level 3.4 Necromancy
 + Level 3.4 Translocations
 + Level 3.4 Transmutations
 + Level 3.4 Fire Magic
 + Level 3.4 Ice Magic
 + Level 3.4 Air Magic
 + Level 3.4 Earth Magic
 + Level 3.4 Poison Magic
 + Level 4.5 Invocations
 + Level 4.1 Evocations


You had 16 spell levels left.
You didn't know any spells.
Your spell library contained the following spells:

 Spells                   Type           Power        Failure   Level  Hunger
 Magic Dart               Conj           ##..         95%         1    None
 Blink                    Tloc           N/A          98%         2    ##.....
 Call Imp                 Summ           ##......     98%         2    ##.....
 Slow                     Hex            ##......     98%         2    ##.....
 Conjure Flame            Conj/Fire      ##......     100%        3    ###....
 Mephitic Cloud           Conj/Pois/Air  ##......     100%        3    ###....


Dungeon Overview and Level Annotations

Branches:
Dungeon (7/15)             Temple (1/1) D:6           Sewer (visited)

Altars:
Ashenzari
Dithmenos
Elyvilon
Fedhas
Gozag
Hepliaklqana
Kikubaaqudgha
Makhleb
Nemelex Xobeh
Qazlal
Ru
Sif Muna
Trog
Vehumet
Wu Jian
Xom
Yredelemnul
Zin
The Shining One

Shops:
D:4 *


Innate Abilities, Weirdness & Mutations

Your experience applies equally to all skills.
You have very sharp teeth.
Your uncanny sense of smell can sniff out nearby items.


Message History

You block the hornet's attack.
Unknown command.
Unknown command.
You closely miss the hornet.
The hornet is moderately wounded.
You slash the killer bee zombie!
You destroy the killer bee zombie!
The hornet stings you.
* * * LOW HITPOINT WARNING * * *
You are poisoned.
You suddenly lose the ability to move!
The hornet stings you but does no damage.
You feel sick. The hornet stings you!
* * * LOW HITPOINT WARNING * * *
You are lethally poisoned!
You feel yourself slow down.
You feel yourself speed up.
* * * LOW HITPOINT WARNING * * *
You feel sick. The hornet stings you!
You die...

.........# .........#
...#.....# . ....##...#
.. ..#.##...#### .#
............########..#
..#.#....##.#.........#
..#.#........>........#
....##.#........@y....#
#...##.#..##...^.....##
#......#....#.)......#
###....##.#..........#
#..................#
#)...................
###......#...........###
.....................#
...................#


You could see a hornet.

Vanquished Creatures
  Sigmund (D:5)
  An orc warrior (D:6)
  2 phantoms
  A sky beast (D:6)
  3 ice beasts (D:6)
  A necrophage (D:6)
  An ogre (D:7)
  2 big kobolds
  3 bullfrogs (D:6)
  4 crimson imps
  A centaur zombie (D:7)
  3 hounds
  An orc priest (D:4)
  A bullfrog skeleton (D:6)
  2 jellies
  A bullfrog zombie (D:5)
  2 orc wizards
  Ijyb (D:3)
  3 iguanas (D:5)
  4 worker ants
  2 killer bee zombies (D:7)
  A hound zombie (D:7)
  7 gnolls
  6 adders
  2 river rats (Sewer)
  A shadow imp (D:6)
  A white imp (D:4)
  5 worms
  2 dart slugs
  6 leopard geckos
  29 orcs
  7 bats
  3 giant cockroaches
  5 goblins
  5 hobgoblins
  6 jackals
  3 quokkas
  2 ball pythons
  A frilled lizard (D:2)
  4 goblin skeletons (D:4)
  A hobgoblin zombie (D:4)
  A jackal skeleton (D:5)
  16 kobolds
  2 kobold zombies (D:4)
  An orc skeleton (D:4)
  2 orc zombies (D:4)
  A quokka skeleton (D:5)
  A quokka zombie (D:5)
  11 rats
  A plant (D:5)
173 creatures vanquished.

Vanquished Creatures (others)
  A jelly (D:7)
  An adder zombie (D:7)
  An adder skeleton (D:7)
3 creatures vanquished.

Grand Total: 176 creatures vanquished

Notes
Turn   | Place    | Note
-------+----------+-------------------------------------------
     0 | D:1      | protoss039 the Gnoll Fighter began the quest for the Orb.
     0 | D:1      | Reached XP level 1. HP: 23/23 MP: 1/1
    79 | D:1      | Reached XP level 2. HP: 28/29 MP: 2/2
   666 | D:2      | Found a faded altar of an unknown god.
   694 | D:2      | Reached XP level 3. HP: 35/35 MP: 3/3
   911 | D:2      | Reached skill level 1 in Invocations
   921 | D:2      | Reached skill level 1 in Short Blades
   921 | D:2      | Reached skill level 1 in Long Blades
   921 | D:2      | Reached skill level 1 in Maces & Flails
   921 | D:2      | Reached skill level 1 in Polearms
   921 | D:2      | Reached skill level 1 in Staves
   921 | D:2      | Reached skill level 1 in Slings
   921 | D:2      | Reached skill level 1 in Bows
   921 | D:2      | Reached skill level 1 in Crossbows
   921 | D:2      | Reached skill level 1 in Throwing
   921 | D:2      | Reached skill level 1 in Dodging
   921 | D:2      | Reached skill level 1 in Stealth
   921 | D:2      | Reached skill level 1 in Unarmed Combat
   921 | D:2      | Reached skill level 1 in Spellcasting
   921 | D:2      | Reached skill level 1 in Evocations
   921 | D:2      | Reached XP level 4. HP: 37/41 MP: 5/5
  1123 | D:2      | Found a blossoming altar of Fedhas.
  1312 | D:3      | Noticed Ijyb
  1317 | D:3      | Killed Ijyb
  1317 | D:3      | Reached skill level 1 in Conjurations
  1317 | D:3      | Reached skill level 1 in Hexes
  1317 | D:3      | Reached skill level 1 in Charms
  1317 | D:3      | Reached skill level 1 in Summonings
  1317 | D:3      | Reached skill level 1 in Necromancy
  1317 | D:3      | Reached skill level 1 in Translocations
  1317 | D:3      | Reached skill level 1 in Transmutations
  1317 | D:3      | Reached skill level 1 in Fire Magic
  1317 | D:3      | Reached skill level 1 in Ice Magic
  1317 | D:3      | Reached skill level 1 in Air Magic
  1317 | D:3      | Reached skill level 1 in Earth Magic
  1317 | D:3      | Reached skill level 1 in Poison Magic
  1317 | D:3      | Reached XP level 5. HP: 47/47 MP: 6/6
  1968 | D:3      | Found a glowing drain.
  1988 | Sewer    | Entered a sewer
  1999 | Sewer    | Reached XP level 6. HP: 53/53 MP: 8/8
  2095 | Sewer    | Found a glowing silver altar of Zin.
  2340 | D:4      | Reached skill level 5 in Axes
  2461 | D:4      | Reached XP level 7. HP: 16/59 MP: 10/10
  2663 | D:4      | Found a glowing golden altar of the Shining One.
  2707 | D:4      | Found Hovvoj's Assorted Antiques.
  2716 | D:4      | Bought a runed helmet for 127 gold pieces
  2975 | D:5      | Entered Level 5 of the Dungeon
  3048 | D:5      | Noticed Sigmund
  3060 | D:5      | Killed Sigmund
  3145 | D:5      | Reached XP level 8. HP: 62/67 MP: 12/12
  3647 | D:6      | Found a shimmering altar of Xom.
  3647 | D:6      | Found a shadowy altar of Dithmenos.
  4139 | D:6      | Reached XP level 9. HP: 60/71 MP: 14/14
  4426 | D:6      | Found a staircase to the Ecumenical Temple.
  4434 | Temple   | Entered the Ecumenical Temple
  4505 | Temple   | Became a worshipper of Ashenzari the Shackled
  5198 | D:7      | Noticed a hornet
  5206 | D:7      | Paralysed by a hornet for 3 turns
  5216 | D:7      | Paralysed by a hornet for 3 turns
  5217 | D:7      | HP: 2/74 [hornet (9)]
  5218 | D:7      | Mangled by a hornet

Illustrated notes

Levels and vault maps discovered:
D:1:      minmay_arrival_up_and_down, layout_basic
D:2:      layout_rooms, lemuel_coloured_pillars_altar, serial_bayou,
          serial_bayou_ford_a, serial_bayou_shore_b, serial_bayou_crossing,
          serial_bayou_pond_d, chequers_ecumenical_altar_simple,
          minmay_misc_feat_four_crosses
D:3:      layout_basic, portal_sewer_entry_d, grunt_ministairs_9,
          kennysheep_generic_room_5, uniq_ijyb
D:4:      layout_basic, serial_shops, shop, nicolae_tso_besieged_by_evil
D:5:      layout_basic, first_ration, lexackson_kobold_supper, uniq_sigmund
D:6:      layout_layer_cave, gammafunk_temple_overflow_elements,
          minmay_temple_entry_gardened_gates
D:7:      layout_rooms, okawaru_altar_gauntlet_db, grunt_livestock,
          chequers_serial_rivers_small_b, lemuel_flamethrower_2
Temple:   eino_temple_rhombus

Skill      XL: |  1  2  3  4  5  6  7  8  9 |
---------------+----------------------------+-----
Invocations    | 1 2 3 4 |  4.5
Short Blades   | 1 2 3 4 |  4.1
Long Blades    | 1 2 3 4 |  4.1
Maces & Flails | 1 2 3 4 |  4.1
Polearms       | 1 2 3 4 |  4.1
Staves         | 1 2 3 4 |  4.1
Slings         | 1 2 3 4 |  4.1
Bows           | 1 2 3 4 |  4.1
Crossbows      | 1 2 3 4 |  4.1
Throwing       | 1 2 3 4 |  4.1
Dodging        | 1 2 3 4 |  4.1
Stealth        | 1 2 3 4 |  4.1
Unarmed Combat | 1 2 3 4 |  4.1
Spellcasting   | 1 2 3 4 |  4.1
Evocations     | 1 2 3 4 |  4.1
Conjurations   | 1 2 3 |  3.4
Hexes          | 1 2 3 |  3.4
Charms         | 1 2 3 |  3.4
Summonings     | 1 2 3 |  3.4
Necromancy     | 1 2 3 |  3.4
Translocations | 1 2 3 |  3.4
Transmutations | 1 2 3 |  3.4
Fire Magic     | 1 2 3 |  3.4
Ice Magic      | 1 2 3 |  3.4
Air Magic      | 1 2 3 |  3.4
Earth Magic    | 1 2 3 |  3.4
Poison Magic   | 1 2 3 |  3.4
Axes           | 5 6 |  6.2
Fighting       | 7 |  7.8
Armour         | 7 |  7.8
Shields        | 7 |  7.8

Action                   |  1- 3 |  4- 6 |  7- 9 || total
-------------------------+-------+-------+-------++-------
Melee: War axe           |    67 |   190 |   378 ||   635
       Bite              |     5 |    24 |    48 ||    77
  Use: Scroll            |       |     9 |     7 ||    16
       Potion            |       |     1 |     2 ||     3
  Eat: Chunk             |       |     6 |     9 ||    15
Armor: Scale mail        |    16 |       |       ||    16
       Plate armour      |    18 |   111 |   225 ||   354
Dodge: Dodged            |    24 |    42 |   101 ||   167
Block: Kite shield       |    42 |   124 |   212 ||   378
